 Dungeon Crawl Stone Soup version 0.13.0-9-gbc74161 (webtiles) character file.

150 Malachi the Chucker (level 4, 0/44 HPs)
             Began as an Ogre Hunter on Oct 17, 2013.
             Slain by Sigmund
             ... wielding a +0,+0 scythe
              (13 damage)
             ... on Level 2 of the Dungeon.
             The game lasted 00:02:57 (1120 turns).

Malachi the Chucker (Ogre Hunter)                   Turns: 1120, Time: 00:02:57

HP   0/44        AC  3     Str 17      XL: 4   Next:  2%
MP   3/3         EV 10     Int 11      God:
Gold 92          SH  0     Dex 10      Spells:  0 memorised,  3 levels left

Res.Fire  : . . .   See Invis. : .   a - +1 club {=f}
Res.Cold  : . . .   Warding    : .   d - +0 animal skin
Life Prot.: . . .   Conserve   : .   (shield restricted)
Res.Poison: .       Res.Corr.  : .   (helmet restricted)
Res.Elec. : .       Clarity    : .   (no cloak)
Sust.Abil.: + .     Spirit.Shd : .   (gloves unavailable)
Res.Mut.  : .       Stasis     : .   (boots unavailable)
Res.Rott. : .       Flight     : .   (no amulet)
Saprovore : + . .                    (no ring)
                                     h - ring of sustain abilities {unknown}

@: confused, slightly resistant to hostile enchantments, very unstealthy
A: unfitting armour, fast metabolism 1, saprovore 1, tough skin 1
a: no special abilities


You were on level 2 of the Dungeon.
You were hungry.

You visited 1 branch of the dungeon, and saw 2 of its levels.

You collected 72 gold pieces.

Inventory:

Hand weapons
 a - a +1,+1 club (weapon) {=f}
 p - a -1,+1 whip
Armour
 d - a +0 animal skin (worn)
Comestibles
 f - 3 meat rations
 m - a bread ration
 n - an apple
Scrolls
 e - a scroll of fear
 j - a scroll of remove curse {unknown}
 l - a scroll of blinking
Jewellery
 h - a ring of sustain abilities (left hand) {unknown}
Potions
 g - a potion of curing {unknown}
 k - a potion of heal wounds {unknown}


   Skills:
 * Level 3.4 Fighting
 + Level 1.5 Maces & Flails
 * Level 5.6 Throwing
 - Level 1.7 Dodging
 + Level 0.7 Stealth


You had 3 spell levels left.
You didn't know any spells.

Dungeon Overview and Level Annotations

Branches:
Dungeon (2/27)

Altars:
Elyvilon
Sif Muna

Annotations:
D:2 Sigmund


Innate Abilities, Weirdness & Mutations

You are too large for most types of armour.
You have a fast metabolism.
You can tolerate rotten meat.
You have tough skin (AC +1).


Message History

You miss it. It hits you!
Throwing (i - inventory):
c - 2 throwing nets (quivered)
Press: ? - help, Shift-Dir - straight line You throw a throwing net.
The throwing net hits something.
Something gets caught in the net!
Something wriggles in the net.
You hit it.
Something wriggles in the net.
You hit it.
Something wriggles in the net.
Something wriggles in the net.
You hear some strange, mumbled words.
A puff of flame appears from out of thin air!
The puff of flame hits you!
* * * LOW HITPOINT WARNING * * *
You hit it but do no damage.
Something wriggles in the net.
You hear some strange, mumbled words.
You are confused.
Ouch! Something wriggles in the net.
Throwing (i - inventory):
c - a throwing net (quivered)
Press: ? - help, Shift-Dir - straight line You throw a throwing net.
Something wriggles in the net.
All of a sudden the net rips apart!
It hits you!
You die...

### #########.## #..
..........#
#.############.#
###..............#
.........######.##
#.#.####.# #... #.#.# #.#
#### ####.###.#.## #.#
........@{.(###.###
####.###.#........#######
#.##.#............
#.##.#.#.#.#######
#.##.#.#.#.# #.#......#.#
#(..#.#..#.# ###.....##.#
##.#.###.#


There were no monsters in sight!

Vanquished Creatures
  Terence (D:2)
  An adder (D:2)
  A worm (D:2)
  A giant gecko (D:2)
  An ooze (D:1)
  8 bats
  4 goblins
  3 hobgoblins
  3 kobolds (D:1)
  2 ball pythons (D:2)
  3 giant newts
  4 rats (D:1)
32 creatures vanquished.

Notes
Turn   | Place    | Note
--------------------------------------------------------------
     0 | D:1      | Malachi, the Ogre Hunter, began the quest for the Orb.
     0 | D:1      | Reached XP level 1. HP: 20/20 MP: 0/0
   193 | D:1      | Reached XP level 2. HP: 14/28 MP: 1/1
   395 | D:1      | Reached skill level 5 in Throwing
   557 | D:2      | Found a white marble altar of Elyvilon.
   648 | D:2      | Found a deep blue altar of Sif Muna.
   667 | D:2      | Reached XP level 3. HP: 28/36 MP: 2/2
   687 | D:2      | Noticed Terence
   694 | D:2      | Killed Terence
   926 | D:2      | Reached XP level 4. HP: 19/44 MP: 3/3
  1099 | D:2      | Noticed Sigmund
  1120 | D:2      | Slain by Sigmund

Action                   |  1- 3 |  4- 6 || total
-------------------------+-------+-------++-------
Melee: Club              |    92 |     8 ||   100
       Whip              |    18 |       ||    18
Throw: Large rock        |     7 |     4 ||    11
       Throwing net      |       |     2 ||     2
  Use: Scroll            |     5 |     2 ||     7
 Stab: Sleeping          |     1 |       ||     1
